 Dungeon Crawl Stone Soup version 0.19-a0-1384-gbb462ca (console) character file.

169 flowsnake the Slasher (level 5, 0/45 HPs)
             Began as a Centaur Gladiator on Sept 3, 2016.
             Was a Follower of Kikubaaqudgha.
             Slain by a worker ant (2 damage)
             ... on level 5 of the Dungeon.
             The game lasted 00:11:16 (2992 turns).

flowsnake the Slasher (Centaur Gladiator)           Turns: 2992, Time: 00:11:17

Health: 0/45       AC:  6    Str: 17    XL:     5   Next: 25%
Magic:  5/5        EV: 10    Int: 13    God:    Kikubaaqudgha [*.....]
Gold:   109        SH:  0    Dex: 10    Spells: 0 memorised, 4 levels left

rFire  . . .     SeeInvis .     a - +1 long sword
rCold  . . .     Gourm    .     b - +0 leather armour
rNeg   . . .     Faith    .     (no shield)
rPois  .         Spirit   .     c - +0 helmet
rElec  .         Dismiss  .     k - +0 cloak
rCorr  .         Reflect  .     (no gloves)
MR     .....     Harm     .     (no barding)
Stlth  ..........               (no amulet)
                                (no ring)
                                (no ring)

@: brilliant, exhausted, slowed
A: hooves 3, deformed body, speed 2, tough skin 3
a: Receive Corpses, Renounce Religion


You were on level 5 of the Dungeon.
You worshipped Kikubaaqudgha.
Kikubaaqudgha was aware of your devotion.
You were hungry.

You visited 1 branch of the dungeon, and saw 5 of its levels.

You collected 109 gold pieces.

Inventory:

Hand Weapons
 a - a +1 long sword (weapon)
Missiles
 d - 3 throwing nets
 q - 10 tomahawks (quivered)
Armour
 b - a +0 leather armour (worn)
 c - a +0 helmet (worn)
 k - a +0 cloak (worn)
Scrolls
 e - 2 scrolls of identify
 h - a scroll of immolation
 p - a scroll of noise
Potions
 l - a potion of lignification
Books
 r - Kikubaaqudgha's Papyrus of Stolen Souls
   (Kikubaaqudgha gifted it to you on level 3 of the Dungeon)

   Spells                             Type                      Level
   a - Animate Skeleton               Necromancy                   1
   b - Corpse Rot                     Necromancy                   2
   c - Sublimation of Blood           Necromancy                   2
   d - Vampiric Draining              Necromancy                   3
   e - Control Undead                 Necromancy                   4
Comestibles
 f - 2 bread rations
 j - 4 fruits
 n - a chunk of flesh
 o - 2 meat rations
 t - 2 beef jerkies


   Skills:
 + Level 3.4 Fighting
 + Level 4.4 Long Blades
 - Level 2.1 Throwing
 - Level 0.2 Armour
 - Level 2.5 Dodging


You had 4 spell levels left.
You didn't know any spells.

Dungeon Overview and Level Annotations

Branches:
Dungeon (5/15)
 Temple: D:4-7

Altars:
Kikubaaqudgha
Qazlal
Uskayaw

Annotations:
D:2 Sigmund
D:4 Eustachio


Innate Abilities, Weirdness & Mutations

You have hooves in place of feet.
Armour fits poorly on your strangely shaped body.
You cover ground very quickly.
You have extremely tough skin. (AC +3)


Message History

Unknown command.
You feel sick.
Your surroundings suddenly seem different.
Found 14 gold pieces and 20 stones.
You feel sick.
You now have 109 gold pieces (gained 14).
You feel sick.
Found a scroll labeled UGENIA EQOA.
Okay, then.
Unknown command.
Unknown command.
A worker ant comes into view.
The worker ant twitches its antennae in your direction.
As you read the scroll of immolation, it crumbles to dust.
The creatures around you are filled with an inner flame!
You feel sick.
You are no longer poisoned.
The worker ant bites you.
You die...
Kikubaaqudgha rasps: "You have failed me!
Welcome... death!"

█·█·· ·█·██ (·· █·█
█·█ · █·█ ··█·█ ·█
█·█ █·█·█ (·▲ █·█
···█ ···█ █·█
█████··█ ····█ █·█
█······████▲██·····█
█·█
█····?·██··········█
█·█
·█·······█·····████··
█·█ ········a█·····█
█<█ ··█████·c·██····█
█·█ █·█·██····█ ███
█·█·██····█
█····█····█
█·██·█····█ █·█
······█ █·█ █·····█
█· ··


You could see a worker ant (inner flame).

Vanquished Creatures
  A howler monkey (D:4)
  An orc wizard (D:3)
  2 adders (D:3)
  A shadow imp (D:3)
  2 oozes (D:3)
  A dart slug (D:1)
  2 giant geckos
  5 orcs
  2 giant cockroaches
  8 goblins
  8 hobgoblins
  5 jackals (D:3)
  5 kobolds
  A ball python (D:3)
  7 bats
  3 giant newts
  6 rats
60 creatures vanquished.

Notes
Turn   | Place    | Note
-------+----------+-------------------------------------------
     0 | D:1      | flowsnake the Centaur Gladiator began the quest for the Orb.
     0 | D:1      | Reached XP level 1. HP: 17/17 MP: 1/1
   414 | D:1      | Reached XP level 2. HP: 24/24 MP: 2/2
   488 | D:1      | Reached skill level 3 in Long Blades
  1112 | D:2      | Noticed Sigmund
  1401 | D:3      | Reached XP level 3. HP: 22/29 MP: 3/3
  1897 | D:3      | Reached XP level 4. HP: 18/37 MP: 4/4
  2015 | D:3      | Found a faded altar of an unknown god.
  2021 | D:3      | Became a worshipper of Kikubaaqudgha
  2021 | D:3      | Reached * piety under Kikubaaqudgha
  2021 | D:3      | Identified Kikubaaqudgha's Papyrus of Stolen Souls (Kikubaaqudgha gifted it to you on level 3 of the Dungeon)
  2021 | D:3      | Received a gift from Kikubaaqudgha
  2328 | D:3      | Reached skill level 4 in Long Blades
  2375 | D:3      | Found a stormy altar of Qazlal.
  2375 | D:3      | Found a hide-covered altar of Uskayaw.
  2952 | D:4      | Noticed Eustachio
  2955 | D:4      | Reached XP level 5. HP: 32/45 MP: 5/5
  2963 | D:5      | Entered Level 5 of the Dungeon
  2984 | D:5      | HP: 2/45 [poisoned by Eustachio]
  2991 | D:5      | HP: 2/45 [poisoned by Eustachio]
  2992 | D:5      | Slain by a worker ant

Vault maps used:
D:1:      dpeg_arrival_simpleton_c, serial_co_window_serial, co_window_paths_a,
          co_window_corner_a, co_window_paths_b, co_window_paths_b,
          co_window_corner_a, co_window_corner_ca, co_window_unsneaky_path_d,
          co_window_unsneaky_path_e, co_window_4corner_b, glass_columns_a,
          glass_columns_c, glass_columns_a
D:2:      first_bread, uniq_sigmund
D:3:      corexii_shack_village, gammafunk_temple_overflow_wave,
          ecumenical_altar_1
D:4:      serial_shops, nicolae_shop_trees, uniq_pikel, uniq_eustachio
D:5:      uniq_duvessa

Skill      XL: |  1  2  3  4 |
---------------+-------------+-----
Long Blades    | 3 4 |  4.4
Fighting       | 3 |  3.4
Throwing       | |  2.1
Armour         | |  0.2
Dodging        | |  2.5

Action                   |  1- 3 |  4- 6 || total
-------------------------+-------+-------++-------
Melee: Long sword        |   147 |    76 ||   223
       Kick              |    25 |    16 ||    41
  Use: Scroll            |     2 |     6 ||     8
       Potion            |       |     2 ||     2
  Eat: Chunk             |     2 |     3 ||     5
Armor: Leather armour    |    49 |    40 ||    89
Dodge: Dodged            |    62 |    44 ||   106
